 Dungeon Crawl Stone Soup version 0.30-a0-778-g2ef04afb54 (webtiles) character file.

Game seed: 17366706774604176721

253 Patoropollo the Shield-Bearer (level 6, 0/39 HPs)
             Began as a Gargoyle Fighter on Feb 16, 2023.
             Slain by a gnoll
             ... wielding a +0 halberd
              (3 damage)
             ... on level 4 of the Dungeon.
             The game lasted 00:04:01 (2596 turns).

Patoropollo the Shield-Bearer (Gargoyle Fighter)    Turns: 2596, Time: 00:04:02

Health: 0/39       AC: 11    Str: 19 (21) XL:     6   Next: 14%
Magic:  6/6        EV:  9    Int:  7 (9)  God:
Gold:   164        SH:  4    Dex:  8 (9)  Spells: 5/5 levels left

rFire   . . .      SeeInvis .    f - +0 whip
rCold   . . .      Faith    .    c - +0 buckler
rNeg    + . .      Spirit   .    b - +0 scale mail
rPois   ∞          Reflect  .    (no helmet)
rElec   +          Harm     .    k - scarf {+Inv}
rCorr   .          Rampage  .    (no gloves)
Will    .....                    (no boots) Stlth
                                 (no amulet)
HPRegen 0.26/turn                (no ring)
MPRegen 0.10/turn                (no ring)

@: attractive, flying, hasted, very quick
A: sickness immunity, AC +4, negative energy resistance 1, electricity
resistance, torment resistance 1, petrification resistance
a: Evoke Invisibility


You were on level 4 of the Dungeon.
You visited 1 branch of the dungeon, and saw 4 of its levels.

You collected 164 gold pieces.

Inventory:

Hand Weapons
 f - a +0 whip (weapon)
Armour
 b - a +0 scale mail (worn)
 c - a +0 buckler (worn)
 k - a scarf of invisibility (worn)
Jewellery
 n - an amulet of magic regeneration
 o - an amulet of reflection
Scrolls
 g - a scroll of enchant armour {unknown}
 h - a scroll of noise {unknown}
 i - 2 scrolls of fear {unknown}
 m - 5 scrolls of identify {unknown}
 r - a scroll of immolation {unknown}
 s - a scroll of teleportation {unknown}
 t - a scroll of summoning {unknown}
Potions
 a - a potion of haste
 d - 3 potions of might
 e - a potion of lignification {unknown}
 j - a potion of attraction
 l - 2 potions of curing {unknown}


   Skills:
 + Level 4.6 Fighting
 + Level 3.5 Maces & Flails
 + Level 4.6 Armour
 + Level 4.6 Shields


You had 5 spell levels left.
You didn't know any spells.
Your spell library contained the following spells:

 Spells                   Type           Power      Damage    Failure   Level
 Sting                    Tmut/Pois      0%         1d3       86%         1
 Ozocubu's Armour         Ice            0%         N/A       99%         3
 Metabolic Englaciation   Hex/Ice        0%         N/A       100%        5
 Simulacrum               Ice/Necr       0%         N/A       100%        6


Dungeon Overview and Level Annotations

Branches:
Dungeon (4/15)
 Temple: D:4-7

Altars:

Shops:
D:3 !


Innate Abilities, Weirdness & Mutations

You are immune to sickness and miasma.
Your stone body is resilient. (AC +4)
You are immune to poison.
You resist negative energy. (rN+)
You are resistant to electric shocks. (rElec)
You are resistant to unholy torment.
You are immune to petrification.


Message History

The gnoll is moderately wounded.
The gnoll hits you with a +0 halberd.
* * * LOW HITPOINT WARNING * * *
You barely miss the gnoll.
The gnoll is moderately wounded.
The gnoll hits you but does no damage.
You barely miss the gnoll.
The gnoll is moderately wounded.
You block the gnoll's attack.
You hit the gnoll.
The gnoll is heavily wounded.
The gnoll hits you but does no damage.
You hit the gnoll.
The gnoll is severely wounded.
You block the gnoll's attack.
You barely miss the gnoll.
The gnoll is severely wounded.
The gnoll barely misses you.
You completely miss the gnoll.
The gnoll is severely wounded.
You block the gnoll's attack.
You hit the gnoll.
The gnoll is severely wounded.
You hit the gnoll but do no damage.
The gnoll is severely wounded.
The gnoll barely misses you.
It was a potion of attraction.
You feel attractive to monsters. The gnoll hits you with a +0 halberd!
* * * LOW HITPOINT WARNING * * *
It was a potion of haste.
You feel yourself speed up. The gnoll hits you but does no damage.
It was a potion of degeneration.
There was something very wrong with that liquid.
You feel weakened.
You feel dopey.
You feel clumsy. The gnoll closely misses you.
It was a potion of flight.
You feel very buoyant.
You fly up into the air.
The gnoll hits you with a +0 halberd.
You die...

#.#..........g..........
#..........†............
#.......................
#..###'''###....>....... .
#..#.......#...#.####### .>
#..#......g#..##.##...###..
#..#.##.##g#......'........
#..#.##.##g#......#........
#..#.##.##@#......#........
#..#...($..#......#........
##..#.......#.....##...####.
#...#########.....##...#
#.................#.....
#.................#......
#.#####...........#...:...
#.................#.......#
#######...........#.......#


You could see 3 gnolls.

Vanquished Creatures
  The ghost of Smoke131 the Chucker, an amateur OgGl (D:4)
  A scorpion (D:4)
  An adder (D:4)
  2 dart slugs
  An orc (D:2)
  2 ball pythons
  4 endoplasms
  A giant cockroach (D:3)
  4 kobolds
  A quokka (D:3)
  2 bats (D:1)
  A frilled lizard (D:3)
  5 goblins
  5 rats
31 creatures vanquished.

Notes
Turn   | Place    | Note
-------+----------+-------------------------------------------
     0 | D:1      | Patoropollo the Gargoyle Fighter began the quest for the
                  | Orb.
     0 | D:1      | Reached XP level 1. HP: 14/14 MP: 1/1
   892 | D:2      | Reached XP level 2. HP: 15/19 MP: 2/2
  1779 | D:3      | Found a faded altar of an unknown god.
  1787 | D:3      | Got Plato's Almanac of the Body
  1813 | D:3      | Reached XP level 3. HP: 23/23 MP: 3/3
  1932 | D:3      | Found Vooz's Distillery.
  2358 | D:4      | Noticed a scorpion
  2359 | D:4      | Found a runed translucent gate.
  2360 | D:4      | Found a runed translucent gate.
  2374 | D:4      | Killed a scorpion
  2375 | D:4      | Reached XP level 4. HP: 13/29 MP: 4/4
  2442 | D:4      | Found a runed translucent gate.
  2456 | D:4      | Noticed Smoke131's ghost (amateur OgGl)
  2564 | D:4      | Killed Smoke131's ghost
  2565 | D:4      | Reached XP level 5. HP: 18/34 MP: 5/5
  2565 | D:4      | Reached XP level 6. HP: 21/39 MP: 6/6
  2596 | D:4      | Slain by a gnoll

Illustrated notes

Levels and vault maps discovered:
D:1:      wander_arrival_chamber, layout_loops_corners, grunt_decor_mini_mirrors
D:2:      layout_loops_ring
D:3:      layout_loops_ring, shapermc_ecumenical_altar_rom_forum, serial_shops,
          shop, st_stairs_10, chequers_arboretum
D:4:      layout_gridville, mainiacjoe_overflow_cross_hatched,
          gammafunk_ghost_split

Skill      XL: |  1  2  3  4 |
---------------+-------------+-----
Fighting       | 4 |  4.6
Armour         | 4 |  4.6
Shields        | 4 |  4.6
Maces & Flails | 3 |  3.5

Action                     |  1- 3 |  4- 6 || total
---------------------------+-------+-------++-------
  Melee: Whip              |   109 |    56 ||   165
         Flail             |     5 |       ||     5
    Use: Potion            |       |     4 ||     4
 Armour: Scale mail        |    46 |    19 ||    65
  Dodge: Dodged            |    50 |    20 ||    70
  Block: Buckler           |    15 |    16 ||    31

Table legend: (Time is in decaauts)
 A = Elapsed time spent in this place.
 B = Non-inter-level travel time spent in this place.
 C = Inter-level travel time spent in this place.
 D = Time resting spent in this place.
 E = Time spent auto-exploring this place.
 F = Levels seen in this place.
 G = Mean time per level.
                   A        B        C        D        E       F      G
               +--------+--------+--------+--------+--------+-----+--------+
         Total |   2599 |   2488 |    111 |      0 |   2138 |   4 |  649.8 |
       Dungeon |   2599 |   2488 |    111 |      0 |   2138 |   4 |  649.8 |
               +--------+--------+--------+--------+--------+-----+--------+

Top non-repeatable levels by time:
     D:1: 841 daAuts
     D:3: 790 daAuts
     D:2: 722 daAuts
     D:4: 244 daAuts
